 Dungeon Crawl Stone Soup version 0.18.1-48-g4cf74bf (webtiles) character file.

2361 theElss the Thaumaturge (level 9, 0/51 HPs)
             Began as a High Elf Conjurer on July 9, 2016.
             Was an Initiate of Vehumet.
             Slain by a water moccasin zombie (3 damage)
             ... on level 7 of the Dungeon.
             The game lasted 00:38:21 (8767 turns).

theElss the Thaumaturge (High Elf Conjurer)         Turns: 8767, Time: 00:38:22

Health: 0/51       AC:  5    Str:  9    XL:     9   Next: 21%
Magic:  7/24       EV: 11    Int: 21    God:    Vehumet [......]
Gold:   391        SH:  3    Dex: 16    Spells: 4 memorised, 16 levels left

rFire  . . .     SeeInvis +     r - -2 trident (curse)
rCold  . . .     Gourm    .     n - +2 robe "Gupum" {rCorr}
rNeg   . . .     Faith    .     (no shield)
rPois  .         Spirit   .     g - +0 helmet
rElec  .         Dismiss  .     (no cloak)
rCorr  +         Reflect  +     (no gloves)
SustAt .         Harm     .     (no boots)
MR     .....                    D - +3 amulet of reflection
Stlth  +.........               w - ring of loudness (curse)
                                d - ring of see invisible

@: not resistant to hostile enchantments, very unstealthy
A: no striking features
a: Renounce Religion


You were on level 7 of the Dungeon.
You worshipped Vehumet.
Vehumet was noncommittal.
You were hungry.

You visited 2 branches of the dungeon, and saw 8 of its levels.

You collected 391 gold pieces.

Inventory:

Hand Weapons
 p - a +0 dagger of speed
 r - a cursed -2 trident (weapon)
Armour
 g - a +0 helmet (worn)
 n - the +2 robe "Gupum" (worn) {rCorr}
   (You found it on level 5 of the Dungeon)

   It protects you from acid and corrosion.
Jewellery
 d - a ring of see invisible (left hand)
 s - an uncursed ring of fire
 w - a cursed ring of loudness (right hand)
 D - a +3 amulet of reflection (around neck)
Wands
 q - a wand of acid (7/15)
 B - a wand of enslavement (9/24)
Scrolls
 a - a scroll of magic mapping
 f - 2 scrolls of recharging
 l - 2 scrolls of amnesia
 m - a scroll of enchant weapon
 u - a scroll of noise {unknown}
 v - 2 scrolls of remove curse {unknown}
 y - a scroll of fog {unknown}
 E - a scroll of teleportation {unknown}
Potions
 e - a potion of might {unknown}
 h - 3 potions of curing
 i - 3 potions of brilliance
 k - a potion of ambrosia
 o - a potion of cancellation {unknown}
 x - a potion of agility {unknown}
 z - 2 potions of magic
 A - a potion of resistance {unknown}
Books
 b - a book of Conjurations

   Spells                             Type                      Level
   a - Magic Dart                     Conjuration                  1
   b - Searing Ray                    Conjuration                  2
   c - Dazzling Spray                 Conjuration/Hexes            3
   d - Fulminant Prism                Conjuration/Hexes            4
   e - Iskenderun's Mystic Blast      Conjuration                  4
   f - Iskenderun's Battlesphere      Conjuration/Charms           5
Comestibles
 c - 7 bread rations
 j - 15 fruits
 t - 2 beef jerkies
 C - a meat ration


   Skills:
 + Level 6.6 Dodging
 - Level 2.1 Stealth
 * Level 10.1 Spellcasting
 + Level 8.2 Conjurations


You had 16 spell levels left.
You knew the following spells:

 Your Spells              Type           Power        Failure   Level  Hunger
a - Magic Dart            Conj           ####         1%          1    None
b - Iskenderun's Battles  Conj/Chrm      ####....     34%         5    ####...
c - Searing Ray           Conj           #####.       1%          2    None
d - Iskenderun's Mystic   Conj           #####...     2%          4    ##.....


Dungeon Overview and Level Annotations

Branches:
Dungeon (7/15)             Temple (1/1) D:7

Altars:
Cheibriados
Dithmenos
Elyvilon
Gozag
Kikubaaqudgha
Nemelex Xobeh
Pakellas
Qazlal
Ru
Sif Muna
Vehumet
Xom
Yredelemnul
The Shining One


Message History

The jackal is heavily wounded.
The water moccasin zombie barely misses you.
The jackal bites you but does no damage.
Casting: Magic Dart
Confirm with . or Enter, or press ? or * to list all spells.
Aiming: Magic Dart
Press: ? - help, Shift-Dir - straight line, f/p - jackal
Aim: a jackal (heavily wounded)
The magic dart hits the jackal.
You kill the jackal!
Vehumet accepts your kill.
The water moccasin zombie barely misses you.
The water moccasin zombie closely misses you.
Items here: $ ) [ † a club; a ring mail; 13 gold pieces; an orc corpse The water moccasin zombie bites you but does no damage.
An orc wizard comes into view. It is wielding a dagger.
There is a stone staircase leading up here.
The orc wizard moves out of view.
The water moccasin zombie bites you.
You die...

#. #.###....... #.
##..).....#### #.#
###.....#.#....# #..
#..)###..≈≈≈...# # #.##.###
#.≈≈§§≈... ##.##....##
#≈§≈≈≈≈§##
#.........####§§≈>≈§§..
##.#....#......≈≈§≈≈§≈..
#....>.@..###...≈≈§≈≈h..
#############Z#####...≈≈≈...h
#...(..####................h.
#.........o......###..#......
#......########......##.##.#.
####............#.#####)##.##
#.........###...........#
#.........# #......##.###
#.........# #......##)#


You could see a water moccasin zombie.

Vanquished Creatures
  An orc warrior (D:6)
  A sky beast (D:5)
  2 necrophages
  7 ogres
  A giant frog (D:6)
  4 wights (D:7)
  3 howler monkeys
  2 crimson imps
  A quasit (D:6)
  2 hounds
  5 orc priests
  2 centaur skeletons
  Natasha (thrice) (D:4)
  An iguana (D:5)
  4 orc wizards
  5 worker ants
  A hound zombie (D:5)
  A hound skeleton (D:7)
  A worker ant zombie (D:7)
  9 adders
  7 gnolls (D:4)
  A howler monkey skeleton (D:4)
  A shadow imp (D:6)
  2 oozes (D:1)
  2 adder skeletons
  4 worms
  5 dart slugs
  8 giant geckos
  17 orcs
  10 bats
  6 giant cockroaches
  8 hobgoblins
  20 jackals
  2 quokkas
  6 giant newts
  8 goblins
  6 kobolds
  10 rats
179 creatures vanquished.

Notes
Turn   | Place    | Note
--------------------------------------------------------------
     0 | D:1      | theElss the High Elf Conjurer began the quest for the Orb.
     0 | D:1      | Reached XP level 1. HP: 11/11 MP: 4/4
   213 | D:1      | Reached XP level 2. HP: 17/17 MP: 3/6
   287 | D:1      | Learned a level 2 spell: Searing Ray
   464 | D:1      | Reached XP level 3. HP: 21/21 MP: 2/8
   747 | D:1      | Reached skill level 3 in Spellcasting
  1391 | D:2      | Reached skill level 5 in Conjurations
  1596 | D:2      | Found a stormy altar of Qazlal.
  1816 | D:2      | Reached XP level 4. HP: 24/27 MP: 5/9
  2186 | D:3      | Learned a level 4 spell: Iskenderun's Mystic Blast
  3254 | D:3      | Found an opulent altar of Gozag.
  3348 | D:4      | Noticed an ogre
  3353 | D:3      | Reached XP level 5. HP: 25/31 MP: 8/11
  3677 | D:4      | Reached skill level 4 in Spellcasting
  3844 | D:4      | Noticed Natasha
  3865 | D:4      | Killed an ogre
  3865 | D:4      | Reached XP level 6. HP: 36/36 MP: 3/14
  3982 | D:4      | Reached skill level 5 in Spellcasting
  4112 | D:4      | Killed Natasha
  4316 | D:4      | Found a snail-covered altar of Cheibriados.
  4422 | D:4      | Reached XP level 7. HP: 38/41 MP: 11/16
  4451 | D:4      | Learned a level 5 spell: Iskenderun's Battlesphere
  4667 | D:4      | Noticed Natasha
  4671 | D:4      | Killed Natasha
  4671 | D:4      | Reached skill level 6 in Spellcasting
  4749 | D:4      | Noticed Natasha
  4751 | D:4      | Killed Natasha
  4765 | D:4      | Found an oddly glowing altar of Pakellas.
  4833 | D:5      | Entered Level 5 of the Dungeon
  5185 | D:5      | Reached skill level 7 in Spellcasting
  5365 | D:5      | Got a heavily jewelled robe
  5388 | D:5      | Identified the +2 robe "Gupum" {rCorr} (You found it on level 5 of the Dungeon)
  5479 | D:5      | Found a sparkling altar of Nemelex Xobeh.
  6352 | D:5      | Reached XP level 8. HP: 38/46 MP: 12/20
  6589 | D:5      | Noticed a hill giant
  6602 | D:5      | Reached skill level 8 in Spellcasting
  6679 | D:6      | Reached skill level 5 in Dodging
  6916 | D:6      | Reached skill level 9 in Spellcasting
  7710 | D:6      | Found an ancient bone altar of Kikubaaqudgha.
  8096 | D:7      | Found a staircase to the Ecumenical Temple.
  8103 | D:7      | Reached XP level 9. HP: 51/51 MP: 16/23
  8110 | Temple   | Entered the Ecumenical Temple
  8155 | Temple   | Became a worshipper of Vehumet
  8599 | D:7      | Reached skill level 10 in Spellcasting
  8758 | D:7      | HP: 1/51 [orc/club (4)]
  8767 | D:7      | Slain by a water moccasin zombie

Skill      XL: |  1  2  3  4  5  6  7  8  9 |
---------------+----------------------------+-----
Spellcasting   | 3 4 5 7 9 10 | 10.1
Dodging        | 3 4 6 |  6.6
Conjurations   | 5 6 7 8 |  8.2
Stealth        | |  2.1

Action                   |  1- 3 |  4- 6 |  7- 9 || total
-------------------------+-------+-------+-------++-------
Melee: Unarmed           |    12 |       |       ||    12
       Trident           |       |     1 |       ||     1
 Cast: Magic Dart        |    72 |   104 |   154 ||   330
       Searing Ray       |     1 |    20 |    43 ||    64
       Iskenderun's Myst |       |     1 |     5 ||     6
  Use: Scroll            |       |       |    10 ||    10
  Eat: Chunk             |     3 |     8 |    12 ||    23
       Fruit             |       |       |     1 ||     1
Armor: Robe              |     3 |     6 |    32 ||    41
Dodge: Dodged            |     9 |    26 |    94 ||   129
Block: Other             |       |       |     3 ||     3
